Map: Orbital Shipyard

Players

KoLoFoME

  • Race: Zerg Zerg

Puppytherapy - Winner!

  • Race: Protoss Protoss

VOD

Have the link to the VOD?

Description

Time

  • Played on: May 4, 2015, 12:47 p.m.
  • Length: 6:19
Show
View Real Time Build Order
Export as new Build Order

KoLoFoME Zerg 

Build Orders: Hatch First 

Get SALT Encoding   

  12  0:01  Drone  
  13  0:13  Overlord  
  13  0:24  Drone  
  14  0:31  Drone x2  
  16  0:35  Drone  
  17  0:52  Hatchery  
  17  0:56  Extractor  
  15  0:57  Drone  
  15  1:00  Drone  
  17  1:17  Drone  
  18  1:21  Spawning Pool  
  18  1:22  Drone  
  18  1:31  Drone  
  19  1:40  Drone  
  20  1:53  Overlord  
  20  2:08  Queen x2  
  24  2:11  Zergling x4  
  26  2:16  Drone x2  
  28  2:23  Drone  
  28  2:28  Drone  
  30  2:33  Overlord  
  30  2:38  Metabolic Boost  
  30  2:46  Drone x2  
  32  2:51  Overlord  
  32  3:05  Drone x2  
  34  3:11  Roach Warren, Drone x2  
  35  3:19  Zergling x14  
  42  3:20  Zergling x2  
  42  3:27  Lair  
  42  3:38  Drone x4  
  46  3:43  Overlord  
  46  3:53  Roach x2  
  50  3:58  Drone  
  50  4:02  Extractor  
  50  4:03  Extractor  
  50  4:05  Extractor  
  50  4:06  Drone x2  
  50  4:07  Drone  
  51  4:11  Drone x2  
  51  4:12  Drone  
  54  4:27  Zergling x2  
  54  4:28  Roach, Zergling x4  
  58  4:37  Overlord x2  
  58  4:44  Hydralisk Den  
  58  4:45  Glial Reconstitution  
  57  4:50  Overseer  
  57  4:53  Drone  
  57  4:54  Drone  
  57  4:56  Drone  
  57  4:57  Drone x3  
  63  5:06  Spore Crawler, Drone x3  
  63  5:07  Drone x2  
  67  5:09  Drone x2  
  67  5:11  Spore Crawler  
  68  5:25  Roach x3  
  68  5:27  Overlord x2  
  74  5:40  Zergling x2  
  74  5:41  Zergling x10  
  59  5:58  Roach x5  
Show
View Real Time Build Order
Export as new Build Order

Puppytherapy Protoss - Winner!

Build Orders: 1 Gate Expand 

Get SALT Encoding   

  12  0:01  Probe  
  13  0:16  Pylon  
  13  0:18  Probe  
  14  0:34  Probe (Chrono Boost)  
  15  0:37  Gateway  
  15  0:45  Probe (Chrono Boost)  
  16  0:51  Probe, Assimilator  
  17  1:05  Probe  
  18  1:22  Nexus  
  18  1:31  Cybernetics Core  
  19  1:32  Probe (Chrono Boost)  
  19  1:41  Pylon  
  19  1:45  Probe (Chrono Boost)  
  20  1:53  Probe (Chrono Boost)  
  21  1:59  Zealot  
  24  2:02  Probe (Chrono Boost)  
  24  2:08  Warp Gate (Chrono Boost)  
  24  2:12  Probe (Chrono Boost)  
  25  2:23  Probe (Chrono Boost)  
  25  2:28  Adept  
  28  2:33  Gateway  
  28  2:34  Probe (Chrono Boost)  
  28  2:35  Gateway  
  30  2:52  Gateway  
  30  2:55  Gateway  
  29  3:05  Gateway  
  29  3:09  Gateway  
  29  3:12  Probe (Chrono Boost)  
  31  3:20  Probe (Chrono Boost)  
  31  3:28  Probe x2 (Chrono Boost)  
  33  3:36  Adept  
  33  3:40  Probe (Chrono Boost)  
  37  3:46  Probe (Chrono Boost)  
  38  3:48  Probe (Chrono Boost)  
  38  3:50  Pylon  
  38  3:52  Probe (Chrono Boost)  
  39  3:57  Probe  
  39  4:04  Probe  
  46  4:13  Pylon x2  
  40  4:20  Pylon  
  40  4:28  Zealot x3  
  40  4:29  Zealot  
  48  4:42  Adept  
  48  4:43  Adept x3  
  48  4:44  Adept  
  58  4:50  Stalker x2  
  62  5:00  Pylon  
  62  5:01  Pylon x2  
  62  5:13  Pylon  
  62  5:20  Adept x3  
  62  5:21  Adept x4  
  76  5:29  Pylon  
  76  5:33  Probe x2  
  78  5:42  Stalker x3  
  74  5:43  Zealot  
  74  5:45  Probe  
  74  5:57  Stalker  
  74  5:59  Zealot x2  
  80  6:09  Zealot x4  
Tags
 
Add a new tag
Caveats
  • Supply blocks, unpowered buildings, or Contaminate may cause inaccurate times.
  • Supply counts are checked every 10 seconds.